Cogmind - Beta 12 X1 *** ADVENTURER MODE // 2022.07.31 @ 19:42:11 Player: Sardaukar Result: Destroyed by Y-54 Guardian with Flak Gun Performance ------------- Evolutions (4) 2000 Regions Visited (10) 2000 Robots Destroyed (82) 410 Value Destroyed (3018) 3018 Prototype IDs (11) 220 Alien Tech Used (0) 0 Bonus (663) 663 TOTAL SCORE: 8311 Bonus ------- Pacifist 270 High Alert Combat Kills 93 Aligned with FarCom 300 Cogmind --------- Core Integrity 0/850 Matter 134/300 Energy 99/100 System Corruption 2% Temperature Cool (0) Movement Core (50) Location -6/Lower Caves Parts ------- > --- POWER (1) -------- (None) > --- PROPULSION (4) --- (None) > --- UTILITY (8) ------ (None) > --- WEAPON (2) ------- (None) > --- INVENTORY (5) ---- Improved Ion Engine Light Nuclear Core Aluminum Leg Small Storage Unit Peak State ------------ > --- POWER ------------ Micro Nuclear Core > --- PROPULSION ------- Armored Huge Wheel Armored Huge Wheel > --- UTILITY ---------- Improved Cooling System Coolant Injector Large Storage Unit Visual Processing Unit Target Analyzer Reactive Plating Reactive Plating Trap Reconfigurator > --- WEAPON ----------- Precision Shock Rifle Cooled Plasma Cannon > --- INVENTORY -------- Improved Ion Engine Light Nuclear Core Hybrid Antimatter Reactor Aluminum Leg Wheel Armored Wheel Small Storage Unit Advanced Signal Interpreter Microactuators Improved Medium Armor Plating Component Analysis Suite Gauss Cannon Mini Assault Cannon Heavy Rocket Launcher Heavy Rocket Launcher [Rating: 65] Favorites ----------- Power Ion Engine Engine Ion Engine Power Core Micro Nuclear Core Reactor Hybrid Antimatter Reactor Propulsion Aluminum Leg Leg Aluminum Leg Wheel Armored Huge Wheel Utility Large Storage Unit Device Trap Reconfigurator Storage Large Storage Unit Processor Visual Processing Unit Hackware Hacking Suite Protection Reactive Plating Weapon Small Laser Energy Gun Small Laser Energy Cannon Heavy Ion Cannon Ballistic Gun Light Assault Rifle Ballistic Cannon Mini Assault Cannon Launcher Heavy Rocket Launcher Slashing Weapon Longsword +1 Build | -11 -10 -10 -10 -9 -8 -7 -7 -7 -6 -6 ------- Run | Scr Mat Min Exi Min Mat Fac Was Fac Fac Low Slots Evolved 8 | . . . . . 4 2 . . 2 . Power . | . . . . . . . . . . . Propulsion 2 | . . . . . 1 1 . . . . Utility 6 | . . . . . 3 1 . . 2 . Weapon . | . . . . . . . . . . . Parts Attached 96 | 5 1 . 5 . 23 27 2 12 19 2 Power 11 | 1 . . . . 3 3 2 1 1 . Engine 6 | 1 . . . . 3 2 . . . . Core 3 | . . . . . . 1 1 1 . . Reactor 2 | . . . . . . . 1 . 1 . Propulsion 16 | 2 . . . . 7 5 . . 2 . Treads . | . . . . . . . . . . . Leg 11 | 2 . . . . 7 2 . . . . Wheel 5 | . . . . . . 3 . . 2 . Hover . | . . . . . . . . . . . Flight . | . . . . . . . . . . . Utility 44 | . 1 . 2 . 8 13 . 10 9 1 Device 19 | . . . 1 . 3 5 . 7 3 . Storage 5 | . . . 1 . 2 . . 1 1 . Processor 3 | . . . . . . 2 . . 1 . Hackware 1 | . . . . . . . . . 1 . Protection 16 | . 1 . . . 3 6 . 2 3 1 Artifact . | . . . . . . . . . . . Weapon 25 | 2 . . 3 . 5 6 . 1 7 1 Energy Gun 6 | 1 . . . . 2 2 . 1 . . Energy Cannon 5 | . . . 1 . . 1 . . 2 1 Ballistic Gun 6 | 1 . . 1 . 2 2 . . . . Ballistic Cannon 4 | . . . . . . 1 . . 3 . Launcher 3 | . . . . . 1 . . . 2 . Special Weapon . | . . . . . . . . . . . Impact Weapon . | . . . . . . . . . . . Slashing Weapon 1 | . . . 1 . . . . . . . Piercing Weapon . | . . . . . . . . . . . Special Melee Weapon . | . . . . . . . . . . . Unidentified Prototypes 6 | . . . 3 . 1 1 . 1 . . Parts Lost 30 | . . . . . 5 9 . 1 13 2 Power 2 | . . . . . . 1 . . 1 . Propulsion 7 | . . . . . 3 . . . 4 . Utility 11 | . . . . . . 4 . . 6 1 Weapon 10 | . . . . . 2 4 . 1 2 1 Highest Loss Streak 9 | . . . . . 3 9 . 1 6 2 To Critical Strikes . | . . . . . . . . . . . Average Slot Usage (%) 84 | . 77 85 98 100 91 83 80 83 70 1 Engine 6 | . 14 14 14 14 9 4 . . . . Core 1 | . . . . . . 2 7 7 3 . Leg 14 | . 28 28 28 28 26 5 . . . . Wheel 5 | . . . . . . 12 15 15 10 . Device 11 | . . . 7 14 12 14 7 15 14 . Storage 10 | . . . 12 14 16 12 7 7 5 . Processor 4 | . . . . . . 4 15 15 11 . Protection 8 | . 6 14 6 . 7 11 11 6 9 . Energy Gun 7 | . 14 14 14 14 9 4 . . 4 . Energy Cannon 1 | . . . 1 . . 2 7 6 2 . Ballistic Gun 6 | . 14 14 12 14 8 4 . . . . Ballistic Cannon 1 | . . . . . . 1 7 7 2 . Naked Turns 174 | . . . . . . . . . 71 103 Heaviest Build 67 | 7 8 8 57 48 38 64 56 52 67 23 Greatest Support 56 | 20 20 20 20 20 35 56 56 56 56 3 Greatest Overweight (x) 9 | . . . 2 2 1 1 . . 9 7 Average Overweight (x) . | . . . 1 2 . . . . . . Largest Inventory Capacity 20 | 5 5 5 20 20 20 15 15 15 15 5 Average Capacity 15 | 5 5 5 18 20 15 15 15 15 13 5 Most Carried 15 | 1 4 4 7 8 10 15 15 15 15 4 Average Carried 8 | . 2 4 5 7 5 12 14 14 12 4 Final Capacity 20 | 5 5 5 20 20 15 15 15 15 5 5 Final Carried 15 | 1 4 4 7 8 10 15 15 15 4 4 Class Distribution -------------------- 100% | Mutant Dominant Class ---------------- Mutant | -10/Materials Mutant | -10/Mines Mutant | -10/Exiles Mutant | -9/Mines Mutant | -8/Materials Mutant | -7/Factory Mutant | -7/Waste Mutant | -7/Factory Mutant | -6/Factory Mutant | -6/Lower Caves Resources | -11 -10 -10 -10 -9 -8 -7 -7 -7 -6 -6 ----------- Run | Scr Mat Min Exi Min Mat Fac Was Fac Fac Low Matter Collected 1681 | 251 . . . 60 224 607 . 32 415 92 Remotely . | . . . . . . . . . . . Salvage Created 2576 | . . . . . 761 717 . 87 1011 . Parts 126 | . . . . . 40 42 . 1 43 . Haulers Intercepted 1 | . . . . . 1 . . . . . Recyclers Shooed 3 | . . . . . . 1 . . 2 . Parts Field Recycled . | . . . . . . . . . . . Retrieved Matter . | . . . . . . . . . . . Parts Self-Destructed . | . . . . . . . . . . . Prevented . | . . . . . . . . . . . Kills | -11 -10 -10 -10 -9 -8 -7 -7 -7 -6 -6 ------- Run | Scr Mat Min Exi Min Mat Fac Was Fac Fac Low Combat Hostiles Destroyed 60 | . . . . . 23 14 . 3 20 . Guns 14 | . . . . . 9 3 . . 2 . Cannons 15 | . . . . . . 6 . 3 6 . AOE 30 | . . . . . 14 4 . . 12 . Classes Destroyed 14 | . . . . . 7 6 . . 1 . Worker 10 | . . . . . 2 2 . . 6 . Builder 2 | . . . . . . 1 . . 1 . Tunneler 1 | . . . . . . 1 . . . . Hauler 1 | . . . . . 1 . . . . . Recycler 3 | . . . . . 1 . . . 2 . Mechanic 1 | . . . . . . . . . 1 . Operator 1 | . . . . . . 1 . . . . Watcher 3 | . . . . . . 2 . . 1 . Swarmer 11 | . . . . . 5 . . . 6 . Grunt 31 | . . . . . 13 6 . 3 9 . Brawler 3 | . . . . . 2 1 . . . . Sentry 5 | . . . . . 3 1 . . 1 . Hunter 5 | . . . . . . 3 . . 2 . Programmer 5 | . . . . . . 3 . . 2 . Best Kill Streak 17 | . . . . . 17 7 . 1 11 . Combat Bots Only 15 | . . . . . 15 5 . 1 6 . Max Kills in Single Turn 6 | . . . . . 5 6 . 1 5 . Gunslinging . | . . . . . . . . . . . Exploded 5 | . . . . . 5 4 . . 3 . Melee . | . . . . . . . . . . . Uniques/NPCs Destroyed . | . . . . . . . . . . . Combat | -11 -10 -10 -10 -9 -8 -7 -7 -7 -6 -6 -------- Run | Scr Mat Min Exi Min Mat Fac Was Fac Fac Low Damage Taken 5885 | . 16 . . . 1016 1539 41 177 2321 775 Core 1244 | . . . . . 153 216 . 22 640 213 Absorbed by Shields . | . . . . . . . . . . . Redirected to Shielding 96 | . . . . . 16 80 . . . . Regen/Repaired (Parts) 29 | . . . . . . . . . 29 . Core Remaining (%) 84 | 100 . . . 100 72 . . 66 . . Volleys Fired 165 | 4 . . . . 52 49 . 15 44 1 Largest 2 | 2 . . . . 2 2 . 2 2 1 Hottest 113 | 60 . . . . 101 113 . 113 90 75 Shots Fired 283 | 5 . . . . 92 91 . 28 66 1 Gun 159 | 5 . . . . 80 57 . . 17 . Cannon 99 | . . . . . . 34 . 28 36 1 Launcher 25 | . . . . . 12 . . . 13 . Special . | . . . . . . . . . . . Kinetic 112 | 1 . . . . 38 42 . 15 16 . Thermal 128 | 4 . . . . 42 49 . 13 20 . Explosive 25 | . . . . . 12 . . . 13 . Electromagnetic 18 | . . . . . . . . . 17 1 Robot Hit Streak 31 | 4 . . . . 23 31 . 21 20 . Robot Miss Streak 2 | 1 . . . . 2 2 . 1 2 1 Penetration Max 1 | . . . . . . . . . 1 . Secondary Targets 1 | . . . . . 1 . . . . . Max Gunslinging Chain 1 | . . . . . 1 . . . . . Shots Hit Robots 206 | 4 . . . . 69 61 . 24 48 . Core Hits 148 | 1 . . . . 58 32 . 5 52 . Critical Kills 1 | . . . . . . 1 . . . . Critical Parts Destroyed . | . . . . . . . . . . . Critical Strikes 7 | . . . . . . 1 . 3 3 . Meltdown 1 | . . . . . . 1 . . . . Blast 5 | . . . . . . . . 3 2 . Corrupt 1 | . . . . . . . . . 1 . Melee Attacks . | . . . . . . . . . . . Impact . | . . . . . . . . . . . Slashing . | . . . . . . . . . . . Piercing . | . . . . . . . . . . . Sneak Attacks . | . . . . . . . . . . . Combat Hostiles . | . . . . . . . . . . . Follow-up Attacks . | . . . . . . . . . . . Damage Inflicted 9199 | 42 . . . . 2331 2238 27 695 3866 . Guns 1725 | 42 . . . . 643 749 . . 291 . Cannons 2397 | . . . . . . 726 . 689 982 . Explosions 5004 | . . . . . 1674 737 . . 2593 . Melee . | . . . . . . . . . . . Ramming 73 | . . . . . 14 26 27 6 . . Kinetic 1450 | 8 . . . . 263 433 . 372 374 . Thermal 3903 | 34 . . . . 380 1779 . 317 1393 . Explosive 3482 | . . . . . 1674 . . . 1808 . Electromagnetic 291 | . . . . . . . . . 291 . Impact . | . . . . . . . . . . . Slashing . | . . . . . . . . . . . Piercing . | . . . . . . . . . . . Highest Corruption 11 | . . . . . . 3 11 11 2 2 Average Corruption 3 | . . . . . . 1 5 9 2 2 Corruption Purged 5 | . . . . . . 3 . 2 . . Corruption Blocked . | . . . . . . . . . . . Effects 25 | . . . . . . 5 3 13 3 1 Message Errors 6 | . . . . . . 2 . 3 1 . Matter Fused 7 | . . . . . . 1 2 3 . 1 Heat Flow Errors 1 | . . . . . . . . 1 . . Energy Discharges 3 | . . . . . . . 1 2 . . Parts Rejected 1 | . . . . . . 1 . . . . Data Loss (minor) 1 | . . . . . . . . . 1 . Data Loss (major) 2 | . . . . . . . . 2 . . Misfires 3 | . . . . . . 1 . 1 1 . Weapon Failures 1 | . . . . . . . . 1 . . Overload Shots . | . . . . . . . . . . . Overflow Damage 550 | . . . . . 7 320 . 18 205 . Projectiles 59 | . . . . . . 36 . 18 5 . Explosions 491 | . . . . . 7 284 . . 200 . Melee . | . . . . . . . . . . . Knockbacks 11 | . . . . . . . . 7 4 . Impact . | . . . . . . . . . . . Kinetic 9 | . . . . . . . . 5 4 . Secondary 2 | . . . . . . . . 2 . . Self-Inflicted Damage 629 | . . . . . 35 173 13 3 405 . Shots 10 | . . . . . 1 2 . . 7 . Rammed 3 | . . . . . . 1 1 1 . . Targets Rammed 5 | . . . . . 2 1 1 1 . . Kicked 2 | . . . . . 2 . . . . . Crushed . | . . . . . . . . . . . Highest Temperature 439 | 20 . . . . 120 439 . 214 32 . Average Temperature 73 | 15 . . . . 30 105 . 116 8 . Received Heat Transfer 1782 | . 12 . . . 639 357 . 135 537 102 Effects 2 | . . . . . . 2 . . . . Shutdowns 1 | . . . . . . 1 . . . . Matter Decay 1 | . . . . . . 1 . . . . Siege Activations . | . . . . . . . . . . . Robots Corrupted . | . . . . . . . . . . . Combat Hostiles . | . . . . . . . . . . . Parts Fried 2 | . . . . . . . . . 2 . Impact Corruptions . | . . . . . . . . . . . Robots Melted 1 | . . . . . . 1 . . . . Combat Hostiles 1 | . . . . . . 1 . . . . Parts Melted 2 | . . . . . . . . . 2 . Heat Transferred 4971 | 75 . . . . 811 2228 . 407 1450 . Parts Sabotaged . | . . . . . . . . . . . Parts Stolen . | . . . . . . . . . . . Parts Stripped . | . . . . . . . . . . . Power Chain Reactions . | . . . . . . . . . . . Missiles Intercepted . | . . . . . . . . . . . Alert | -11 -10 -10 -10 -9 -8 -7 -7 -7 -6 -6 ------- Run | Scr Mat Min Exi Min Mat Fac Was Fac Fac Low Peak Influence 507 | . 15 4 . . 507 245 160 244 478 . Initial 102 | . . 4 . . . 78 55 98 102 . Average 145 | . 2 4 . . 205 121 110 127 174 . Maximum Alert Level 2 | . . . . . 2 1 . 1 2 . Low Security (%) 76 | 100 100 100 . 100 59 90 100 84 63 . Level 1 16 | . . . . . 19 10 . 15 27 . Level 2 7 | . . . . . 20 . . . 8 . Level 3 . | . . . . . . . . . . . Level 4 . | . . . . . . . . . . . Level 5 . | . . . . . . . . . . . High Security . | . . . . . . . . . . . Max Security . | . . . . . . . . . . . Squads Dispatched 18 | . . . . . 3 6 . 1 8 . Investigation 9 | . . . . . 3 2 . 1 3 . Extermination 4 | . . . . . . 2 . . 2 . Reinforcement 3 | . . . . . . 2 . . 1 . Assault . | . . . . . . . . . . . Garrison 2 | . . . . . . . . . 2 . Intercept . | . . . . . . . . . . . Searches Triggered . | . . . . . . . . . . . Construction Impeded 1 | . . . . . . . . . 1 . Haulers Reinforced . | . . . . . . . . . . . Active Scanning Responses . | . . . . . . . . . . . Cargo Convoy Interrupts . | . . . . . . . . . . . Stealth | -11 -10 -10 -10 -9 -8 -7 -7 -7 -6 -6 --------- Run | Scr Mat Min Exi Min Mat Fac Was Fac Fac Low Distress Signals 8 | . . . . . 5 1 . 1 1 . Communications Jammed . | . . . . . . . . . . . Distress Signals . | . . . . . . . . . . . Times Spotted 111 | . 5 . . . 36 22 3 6 30 9 Peak Tracking Total 16 | . 5 . . . 16 6 4 3 6 9 Tactical Retreats 5 | . . . . . 2 1 . . 2 . Traps | -11 -10 -10 -10 -9 -8 -7 -7 -7 -6 -6 ------- Run | Scr Mat Min Exi Min Mat Fac Was Fac Fac Low Traps Triggered 7 | . . . . . 1 4 . 1 1 . Indirectly . | . . . . . . . . . . . Trap Hack Attempts . | . . . . . . . . . . . Triggered . | . . . . . . . . . . . Disarmed . | . . . . . . . . . . . Reprogrammed . | . . . . . . . . . . . Reused 4 | . . . . . . 2 . 1 1 . Traps Reconfigurated 16 | . . . . . . 10 . 4 2 . Traps Extracted . | . . . . . . . . . . . Installed . | . . . . . . . . . . . Triggered 4 | . . . . . . 2 . 1 1 . Machines | -11 -10 -10 -10 -9 -8 -7 -7 -7 -6 -6 ---------- Run | Scr Mat Min Exi Min Mat Fac Was Fac Fac Low Machines Disabled 16 | . . . . . 2 3 . . 11 . Max in Single Turn 4 | . . . . . 1 3 . . 4 . Garrison Access 1 | . . . . . . 1 . . . . Machines Sabotaged . | . . . . . . . . . . . Garrisons Compromised . | . . . . . . . . . . . Overloaded Fab Kills . | . . . . . . . . . . . Hacking | -11 -10 -10 -10 -9 -8 -7 -7 -7 -6 -6 --------- Run | Scr Mat Min Exi Min Mat Fac Was Fac Fac Low Machines Accessed 22 | . . . 1 . 7 6 . 3 5 . Terminals 10 | . . . . . 5 3 . . 2 . Fabricators 1 | . . . . . . . . . 1 . Repair Stations 3 | . . . . . 1 . . 1 1 . Recycling Units 2 | . . . . . 1 . . 1 . . Scanalyzers 3 | . . . . . . 1 . 1 1 . Garrison Access 2 | . . . . . . 2 . . . . Total Hacks 74 | . . . 23 . 21 11 . 4 15 . Successful 50 | . . . 23 . 12 7 . 1 7 . Failed 24 | . . . . . 9 4 . 3 8 . Catastrophic 7 | . . . . . 2 2 . 2 1 . Database Lockouts . | . . . . . . . . . . . Manual 24 | . . . 1 . 15 5 . 1 2 . Terminals 30 | . . . . . 18 7 . . 5 . Fabricators 3 | . . . . . . . . . 3 . Repair Stations 8 | . . . . . 2 . . 2 4 . Recycling Units 2 | . . . . . 1 . . 1 . . Scanalyzers 6 | . . . . . . 2 . 1 3 . Garrison Access 2 | . . . . . . 2 . . . . Terminal Hacks 35 | . . . 23 . 8 4 . . . . Record 23 | . . . 23 . . . . . . . Robot Analysis 3 | . . . . . 2 1 . . . . Prototype ID Bank 2 | . . . . . 2 . . . . . Terminal Index 2 | . . . . . 1 1 . . . . Alert Level 1 | . . . . . 1 . . . . . Unreport Threat 1 | . . . . . 1 . . . . . Locate Traps 2 | . . . . . . 2 . . . . Recall Investigation 1 | . . . . . 1 . . . . . Fabricator Hacks 2 | . . . . . . . . . 2 . Load Schematic 1 | . . . . . . . . . 1 . Build 1 | . . . . . . . . . 1 . Repair Station Hacks 4 | . . . . . 1 . . . 3 . Scan Component 3 | . . . . . 1 . . . 2 . Repair 1 | . . . . . . . . . 1 . Recycling Unit Hacks . | . . . . . . . . . . . Scanalyzer 3 | . . . . . . 1 . . 2 . Insert Component 2 | . . . . . . 1 . . 1 . Analyze 1 | . . . . . . . . . 1 . Garrison Access Hacks 1 | . . . . . . 1 . . . . Seal Access 1 | . . . . . . 1 . . . . Unauthorized Hacks 5 | . . . . . 3 1 . 1 . . Terminals 2 | . . . . . 2 . . . . . Assimilate 1 | . . . . . 1 . . . . . Detonate 1 | . . . . . 1 . . . . . Fabricators . | . . . . . . . . . . . Repair Stations . | . . . . . . . . . . . Recycling Units 2 | . . . . . 1 . . 1 . . Tunnel 2 | . . . . . 1 . . 1 . . Scanalyzers . | . . . . . . . . . . . Garrison Access 1 | . . . . . . 1 . . . . Watchers 1 | . . . . . . 1 . . . . Data Cores Recovered . | . . . . . . . . . . . Used . | . . . . . . . . . . . Hacking Detections 16 | . . . . . 6 4 . 2 4 . Full Trace Events 6 | . . . . . 2 1 . . 3 . Feedback Events 1 | . . . . . . . . . 1 . Hackware Fried 1 | . . . . . . . . . 1 . Feedback Blocked . | . . . . . . . . . . . Robot Schematics Acquired . | . . . . . . . . . . . Robots Built . | . . . . . . . . . . . Authchips . | . . . . . . . . . . . Time . | . . . . . . . . . . . Total Robot Build Rating . | . . . . . . . . . . . Part Schematics Acquired 1 | . . . . . . . . . 1 . Parts Built . | . . . . . . . . . . . Authchips . | . . . . . . . . . . . Time 152 | . . . . . . . . . 152 . Total Part Build Rating . | . . . . . . . . . . . Parts Repaired 1 | . . . . . . . . . 1 . Time 43 | . . . . . . . . . 43 . Parts Recycled . | . . . . . . . . . . . Recycled Matter . | . . . . . . . . . . . Retrieved Matter . | . . . . . . . . . . . Retrieved Components . | . . . . . . . . . . . Parts Scanalyzed 1 | . . . . . . . . . 1 . Part Schematics Acquired 1 | . . . . . . . . . 1 . Parts Damaged . | . . . . . . . . . . . Bothacking | -11 -10 -10 -10 -9 -8 -7 -7 -7 -6 -6 ------------ Run | Scr Mat Min Exi Min Mat Fac Was Fac Fac Low Used RIF Installer . | . . . . . . . . . . . Robots Hacked . | . . . . . . . . . . . Non-combat . | . . . . . . . . . . . Combat . | . . . . . . . . . . . Robot Hacks Applied . | . . . . . . . . . . . Relay Couplers Released 3 | . . . . . . 3 . . . . Machine Destruction 3 | . . . . . . 3 . . . . Fabnet Peak Effective % . | . . . . . . . . . . . Robots Rewired . | . . . . . . . . . . . Allies Hacked . | . . . . . . . . . . . Hacks Repelled . | . . . . . . . . . . . Allies | -11 -10 -10 -10 -9 -8 -7 -7 -7 -6 -6 -------- Run | Scr Mat Min Exi Min Mat Fac Was Fac Fac Low Total Allies 1 | . . . . . 1 . . . . . Largest Group 1 | . . . . . 1 . . . . . Highest-Rated Group 26 | . . . . . 26 . . . . . Highest-Rated Ally 26 | . . . . . 26 . . . . . Total Orders . | . . . . . . . . . . . Ally Attacks . | . . . . . . . . . . . Total Damage . | . . . . . . . . . . . Kills . | . . . . . . . . . . . Allies Corrupted . | . . . . . . . . . . . Allies Melted . | . . . . . . . . . . . Intel | -11 -10 -10 -10 -9 -8 -7 -7 -7 -6 -6 ------- Run | Scr Mat Min Exi Min Mat Fac Was Fac Fac Low Robot Analysis Total 3 | . . . . . 2 1 . . . . Derelict Logs Recovered 1 | . . . . 1 . . . . . . Drone Launches . | . . . . . . . . . . . Drone Recoveries . | . . . . . . . . . . . Exploration | -11 -10 -10 -10 -9 -8 -7 -7 -7 -6 -6 ------------- Run | Scr Mat Min Exi Min Mat Fac Was Fac Fac Low Turns Passed 4856 | 83 71 41 1110 137 923 1020 118 305 912 136 Spaces Moved 2860 | 58 56 35 464 53 398 674 112 237 557 216 Core 361 | 4 . . . . . . . . 141 216 Treads . | . . . . . . . . . . . Legs 1178 | 54 56 35 464 53 398 118 . . . . Wheels 1321 | . . . . . . 556 112 237 416 . Hover . | . . . . . . . . . . . Flight . | . . . . . . . . . . . Fastest Speed 50 | 50 120 120 120 260 120 100 100 100 50 50 Average Speed 135 | 115 120 120 236 260 176 105 100 100 101 60 Slowest Speed 500 | 120 120 120 260 260 190 120 100 100 500 400 Overloaded Moves . | . . . . . . . . . . . Propulsion Burnouts . | . . . . . . . . . . . Robots Hopped . | . . . . . . . . . . . Cave-ins Triggered . | . . . . . . . . . . . Exploration Rate (%) 31 | 3 17 12 71 25 49 19 80 9 20 43 Regions Visited 10 Branch Regions 4 Pre-discovered Areas 3 | . . . 1 . 1 . . 1 . . Known Exits Taken . | . . . . . . . . . . . Unknown Exits Taken 8 | 1 1 1 1 1 1 . . 1 1 . Scrap Searched 4 | . . . . 2 . . . . . 2 Spaces Dug . | . . . . . . . . . . . Terrain Destroyed 223 | . . . . . 50 23 . . 150 . Melee . | . . . . . . . . . . . Projectile 2 | . . . . . . . . . 2 . AOE 221 | . . . . . 50 23 . . 148 . Terrain Rammed . | . . . . . . . . . . . Walls Destroyed . | . . . . . . . . . . . Machines Disabled . | . . . . . . . . . . . Actions | -11 -10 -10 -10 -9 -8 -7 -7 -7 -6 -6 --------- Run | Scr Mat Min Exi Min Mat Fac Was Fac Fac Low Total 3558 | 67 59 34 480 53 532 885 118 273 837 220 Wait 362 | . . . 2 . 46 113 . 2 198 1 Move 2851 | 57 55 34 463 52 397 674 111 236 556 216 Hop . | . . . . . . . . . . . Pick Up 35 | 1 3 . 5 1 4 12 1 5 3 . Fast Attach 35 | 5 1 . 3 . 5 11 2 . 6 2 Attach 31 | . . . 2 . 9 9 . 4 7 . Detach 5 | . . . 1 . 2 1 . . 1 . Swap 30 | . . . . . 9 7 . 8 6 . Drop 30 | . . . 4 . 6 8 3 2 7 . Fire 165 | 4 . . . . 52 49 . 15 44 1 Melee . | . . . . . . . . . . . Ram 3 | . . . . . . 1 1 1 . . Kick 2 | . . . . . 2 . . . . . Crush . | . . . . . . . . . . . Escape Stasis . | . . . . . . . . . . . Rewire 9 | . . . . . . . . . 9 . Trap . | . . . . . . . . . . . Miscellaneous . | . . . . . . . . . . . Route ------- -11/Scrapyard -10/Materials -10/Mines -10/Exiles -9/Mines -8/Materials (discovered 3 exits: *Fac / [*Sto x2]) -7/Factory (discovered 3 exits: *Fac / *Low x2) -7/Waste -7/Factory -6/Factory -6/Lower Caves History --------- Turn | Location | Event 3 | -11/Scrapyard | Discovered new exit (range 15) 84 | -11/Scrapyard | Entered Materials 144 | -10/Materials | Discovered new exit (range 6) 155 | -10/Materials | Entered Mines 156 | -10/Mines | Assembled infested the area 160 | -10/Mines | Met a Derelict bent on vengeance 191 | -10/Mines | Deemed a non-threat by the Exiles lab entrance 191 | -10/Mines | Discovered new exit (range 5) 196 | -10/Mines | Entered Exiles 228 | -10/Exiles | Met 8R-AWN 247 | -10/Exiles | Met EX-HEX 312 | -10/Exiles | Build established: Mutant 343 | -10/Exiles | Met EX-DEC 416 | -10/Exiles | Learned location of Zion (-6) 489 | -10/Exiles | Met EX-BIN 593 | -10/Exiles | Aligned with FarCom system 595 | -10/Exiles | Given EX-Vault access code 655 | -10/Exiles | Opened EX-Vault 669 | -10/Exiles | Found Prototype Slashing Weapon 669 | -10/Exiles | Identified Longsword +1 679 | -10/Exiles | Found Prototype Device 680 | -10/Exiles | Identified Trap Reconfigurator 694 | -10/Exiles | Found Prototype Energy Cannon 694 | -10/Exiles | Identified Latent Energy Streamer 749 | -10/Exiles | Warned to stay clear of 0b10 Research branches 1277 | -10/Exiles | Discovered new exit (range 14) 1306 | -10/Exiles | Left Exiles lab with Trap Reconfigurator 1306 | -10/Exiles | Entered Mines 1411 | -9/Mines | Discovered new exit (range 12) 1443 | -9/Mines | Entered Materials 1443 | -8/Materials | Evolved 4 slots: Propulsion x1, Utility x3 1457 | -8/Materials | Discovered new exit (range 11) 1843 | -8/Materials | Discovered new exit (range 9) 2041 | -8/Materials | Destroyed 15 combat bots 2048 | -8/Materials | Lost 3 parts (3n) 2360 | -8/Materials | Discovered new exit (range 3) 2366 | -8/Materials | Entered Factory 2366 | -7/Factory | Evolved 2 slots: Propulsion x1, Utility x1 2367 | -7/Factory | Identified exit to Lower Caves 2456 | -7/Factory | Discovered exit to Lower Caves (range 15) 3053 | -7/Factory | Lost 9 parts (1p4u4w) 3381 | -7/Factory | Discovered new exit (range 9) 3386 | -7/Factory | Manually triggered Chute Trap 3386 | -7/Factory | Sucked down chute 3386 | -7/Factory | Entered Waste 3401 | -7/Waste | EMP discharged 3416 | -7/Waste | Spotted C-40 Crusher 3417 | -7/Waste | Spotted C-40 Crusher 3420 | -7/Waste | Spotted C-40 Crusher 3423 | -7/Waste | Spotted C-40 Crusher 3467 | -7/Waste | Spotted C-40 Crusher 3471 | -7/Waste | Crushed by Compactor (0 parts destroyed, 2 dropped) 3475 | -7/Waste | Spotted C-40 Crusher 3494 | -7/Waste | Discovered new exit (range 11) 3501 | -7/Waste | EMP discharged 3501 | -7/Waste | System corruption reached 10% 3504 | -7/Waste | Entered Factory 3751 | -7/Factory | Discovered new exit (range 10) 3809 | -7/Factory | Entered another Factory area 3809 | -6/Factory | Evolved 2 slots: Utility x2 4360 | -6/Factory | Hacking Suite fried by hacking feedback 4403 | -6/Factory | Repaired Broken Hyb. Antimatter Reactor 4510 | -6/Factory | Lost 5 parts (1n4u) 4536 | -6/Factory | Spotted B-75 Beast 4546 | -6/Factory | Garrison activated, responded to threat 4602 | -6/Factory | Released all parts (5) 4617 | -6/Factory | Lost 6 parts (1p2n1u2w) 4694 | -6/Factory | Core integrity fell below 50% 4718 | -6/Factory | Discovered new exit (range 5) 4721 | -6/Factory | Entered Lower Caves 4724 | -6/Lower Caves | Spotted B-75 Beast 4744 | -6/Lower Caves | Encountered a Warlord checkpoint 4807 | -6/Lower Caves | Core integrity fell below 20% 4851 | -6/Lower Caves | Attracted the attention of an 0b10 checkpoint 4857 | -6/Lower Caves | Destroyed by Y-54 Guardian with Flak Gun Last Messages --------------- LOCATION=UNKNOWN GOAL=ESCAPE 04744_ 76-EEC(M): "This area isn't safe." 04766_ System corrupted: Matter fused (-9). 04822_ Searching scrap... 04822_ Found Proton Cannon. 04822_ Found 31 Matter. 04823_ Acquired 31 matter. 04823_ Acquired Proton Cannon. 04828_ Searching scrap... 04828_ Found Imp. Heavy Armor Plating. 04828_ Found Xenon Bombardment Thruster. 04828_ Found 15 Matter. 04829_ Acquired 15 matter. 04831_ Acquired Imp. Heavy Armor Plating. 04835_ Proton Cannon destroyed. 04836_ Critical hit (Destroy). 04850_ Acquired 46 matter. 04851_ Y-54 Guardian: "INTERCEPTING UNREGISTERED DERELICT." 04856_ Imp. Heavy Armor Plating destroyed. Map ----- +----------------------------------------------------+ | ?????????????????????????????????????????????????? | | ?????????????????????????????????????????????????? | | ?????????????????????????????????????????????????? | | ?????????????????????????????????????????????????? | | ?????????????????????????????????????????????????? | | ?????????????????????????????????????????????????? | | ?????????????????????????????????????????????????? | | ?????????????????????????????????????????????????? | | ?????????????????????????????????????????????????? | | ?????????????????????????????????????????????????? | | ?????????????????????????????????????????????????? | | ?????????????????????????????????????????????????? | | ?????????????????????????????????????????????????? | | ?????????????????????????????????????????????????? | | ?????????????????????????????????????????????????? | | ?????????????????????????????????????????????????? | | ?????????????????????????????????????????????????? | | ?????????????????????????????????????????????????? | | ?????????????????????????????????????????????????? | | ????? ???????????????????????????????????????????? | | ?????? ??????#?????????####?????????????????????? | | ??????# ??????# ???????? #?????????????????????? | | ??????# ?????# #??????? #?????????????????????? | | ??????# ###??? ???????# #?????????????????????? | | ??????# #??? ??????# #?????????????????????? | | ??????# ##?? ?#????#@ #?????????????????????? | | ???????# ##?# #??### #?????????????????????? | | ???????# ### #### b #?????????????????????? | | ????????# s #?????????????????????? | | ????????# s #?????????????????????? | | ????????# #### ### #?????????????????? | | #???????## #?????????????????? | | #????????# = #?????????????????? | | #??###???# ####### ######?????????????????? | | #??# ##??## ##?????### #??????????????????????? | | #### ###### #????????# #?????????????????????? | | ## #???????? #?????????????????????? | | # ## ###?????? #?????? ????????????? | | # #?????? #???? ????????????? | | """ # #??###? #??# ????????????? | | """"" ### #?# ?## ????????????? | | """"" ### ## # ### ????????????? | | " " # #? ##? #???????????? | | """ """# ### #??? ######????## | | """ """ ### ###?? ##???# | | """ """ ## #??# #?### | | ## ??? #??# #??# | | #### ?????# #?## #??# | | ### ### ### #??????# #?# #?## | | ## #### ## ######### #??? ## | +----------------------------------------------------+ Best States ------------- Heat Dissipation 91 Coolant Potential 65 Energy Generation 15 Energy Capacity 1100 Matter Stores 300 Matter Capacity 300 Sight Range 18 Terrain Scan Density 10 Armor Coverage 600 Resistance: KI 40 Resistance: TH 20 Resistance: EX 20 Resistance: EM 40 Resistance: I 20 Resistance: S 20 Resistance: P 20 Propulsion Shielding 33 Utility Shielding 33 Evasion (%) 55 Target Analysis 5 Offensive Hacking 20 Item Schematics ----------------- Cld. Plasma Cannon | -6/Factory | Scanalyzed Robot Schematics ------------------ None Fabricated ------------ Nothing Alien Tech Used ----------------- None Achievements -------------- Wheee! Challenges ------------ None Game ------ Seed CloakingGrapheneRecalibrator Manual? 0 Play Time 01:10:21 Cumulative 220.2 hours Start 2022.07.31 @ 10:50:43 End 2022.07.31 @ 19:42:11 Sessions 5 Manual Loads 0 Difficulty Adventurer Special Mode None Game No. 58 Rogue 0 Adventurer 52 Explorer 6 Win Type - Total 4 Types 3/0/1/0/0/0/0/0/0 Lore% 57 Gallery% 70 Achievement% 51 Wizard Run 0 Options --------- ASCII 0 Keyboard 0 Movement Mouse Keybinds 0 Fullscreen 2 Font 20/Terminus Map View 66x50 Tactical HUD 1 Map Filters NONE Filters NONE Steam 1 RUN: 69c24c92-3b63-4952-a1c9-5b8bfd180297